Map: Deathaura LE

Players

SpeCial - Winner!

  • Race: Terran Terran
  • Spawn Location: 11:00

JimRising

  • Race: Zerg Zerg
  • League: Grandmaster
  • Spawn Location: 5:00

Event: DreamHack SC2 Masters 2020 Fall

VOD

Have the link to the VOD?

Description

Time

  • Played on: Aug. 26, 2020, 4:59 p.m.
  • Length: 6:09

All games in this series

Show
View Real Time Build Order
Export as new Build Order

SpeCial Terran - Winner!

Build Orders: Hellion Opening, Liberator Opening, Reaper Expand 

Get SALT Encoding   

  12  0:00  SCV  
  13  0:12  SCV  
  14  0:17  Supply Depot  
  14  0:24  SCV  
  15  0:38  SCV  
  15  0:40  Barracks  
  16  0:43  Refinery  
  16  0:50  SCV  
  17  1:02  SCV  
  18  1:15  SCV  
  19  1:27  Reaper, Orbital Command  
  20  1:38  Command Center  
  20  1:47  Supply Depot  
  20  1:53  SCV  
  21  1:59  Marine  
  22  2:05  Factory  
  22  2:07  SCV  
  23  2:13  Refinery  
  23  2:19  SCV  
  23  2:21  Barracks Reactor  
  24  2:31  SCV  
  25  2:43  SCV  
  26  2:50  Orbital Command  
  26  2:51  Starport  
  26  3:00  SCV  
  26  3:02  Hellion x2  
  26  3:03  Marine  
  32  3:11  Supply Depot  
  32  3:23  Hellion x2  
  36  3:28  Medivac  
  36  3:32  Armory  
  36  3:33  Marine  
  39  3:34  Supply Depot  
  39  3:44  Hellion x2  
  42  3:50  SCV x2  
  44  3:56  Barracks Tech Lab  
  44  3:58  Supply Depot  
  44  4:02  Liberator  
  47  4:03  SCV x2  
  49  4:10  Hellion  
  49  4:15  Hellion  
  53  4:19  SCV  
  52  4:30  SCV  
  52  4:31  SCV  
  53  4:42  SCV  
  53  4:43  SCV  
  52  4:54  SCV  
  52  4:55  SCV  
  50  5:00  Bunker  
  50  5:02  Marine x2  
  50  5:03  Siege Tank  
  50  5:06  SCV  
  54  5:07  SCV  
  54  5:11  Liberator  
  56  5:18  SCV  
  56  5:20  SCV, Marine x2  
  54  5:30  SCV, Supply Depot  
  54  5:32  SCV  
  56  5:36  Siege Tank  
  56  5:38  Marine x2  
  56  5:42  SCV  
  59  5:44  SCV  
  60  5:54  SCV  
  60  5:56  SCV  
Show
View Real Time Build Order
Export as new Build Order

JimRising Zerg 

Build Orders: Hatch First, Roach Nydus 

Get SALT Encoding   

  12  0:00  Drone  
  13  0:12  Overlord  
  13  0:17  Drone  
  14  0:31  Drone x2  
  16  0:48  Hatchery  
  15  0:52  Drone  
  15  0:55  Drone  
  17  1:01  Drone  
  17  1:03  Extractor  
  17  1:17  Spawning Pool  
  16  1:19  Drone  
  16  1:23  Drone  
  18  1:32  Drone  
  20  1:40  Drone  
  20  1:49  Overlord  
  20  2:03  Queen x2  
  20  2:04  Zergling x4  
  26  2:09  Metabolic Boost  
  26  2:14  Drone  
  27  2:17  Drone  
  27  2:22  Drone  
  29  2:24  Drone  
  30  2:42  Queen  
  30  2:44  Queen  
  32  2:45  Overlord  
  32  2:46  Drone  
  32  2:48  Drone  
  36  2:52  Overlord  
  36  3:04  Drone x2  
  38  3:15  Drone x3  
  38  3:16  Drone x5  
  46  3:26  Lair  
  46  3:34  Roach Warren  
  46  3:39  Extractor  
  44  3:48  Zergling x6  
  46  3:49  Hatchery  
  46  3:53  Drone x3, Extractor  
  46  3:55  Zergling x2  
  47  4:04  Zergling x4  
  47  4:08  Drone  
  47  4:09  Overlord, Drone x2  
  52  4:15  Overlord x2  
  52  4:28  Roach x4  
  57  4:40  Roach x4  
  57  4:43  Roach  
  57  4:53  Nydus Network  
  52  5:07  Roach  
  52  5:15  Zergling x4  
  52  5:16  Zergling x2  
  52  5:24  Zergling x4  
  51  5:30  Nydus Canal  
  51  5:33  Zergling x2  
  52  5:36  Zergling x2  
  52  5:46  Nydus Canal  

Tags
 
Add a new tag
Caveats
  • Supply blocks, unpowered buildings, or Contaminate may cause inaccurate times.
  • Supply counts are checked every 10 seconds.